 Dungeon Crawl Stone Soup version 0.22-a0-274-gf8199ec (webtiles) character file.

173937 tedric the Peltast (level 18, -12/112 HPs)
             Began as a Tengu Air Elementalist on Mar 14, 2018.
             Was the Champion of Qazlal.
             Killed by the raging water
             ... invoked by a water nymph
              (25 damage)
             ... on level 4 of the Shoals on Mar 16, 2018.
             The game lasted 03:37:28 (44466 turns).

tedric the Peltast (Tengu Air Elementalist)        Turns: 44466, Time: 03:37:28

Health: -12/112    AC: 23    Str: 11    XL:     18   Next: 6%
Magic:  15/44      EV: 19    Int: 21    God:    Qazlal [******]
Gold:   1332       SH: 26    Dex: 15    Spells: 9/41 levels left

rFire    . . .     SeeInvis .   a - staff of air
rCold    . . .     Gourm    .   I - +0 shield {AC+3}
rNeg     . . .     Faith    .   Z - +2 ring mail {rPois}
rPois    +         Spirit   .   E - +2 hat
rElec    +         Reflect  +   U - +2 cloak {MR+}
rCorr    .         Harm     .   D - +2 pair of gloves
MR       +....                  (boots unavailable)
Stlth    +.........             M - +5 amulet of reflection
HPRegen  0.28/turn              f - ring of the Garden {Wiz MR- MP+9 Slay+3}
MPRegen  0.29/turn              L - +3 ring of protection

@: flying quickly and evasively, slowed, repel missiles, very slow
A: beak, talons 3, able to fly 2
a: Stop Flying, Upheaval, Elemental Force, Disaster Area, Renounce Religion


You were on level 4 of the Shoals.
You worshipped Qazlal.
Qazlal was exalted by your worship.
You were very hungry.

You visited 6 branches of the dungeon, and saw 31 of its levels.
You also visited: Labyrinth and Ossuary.

You collected 2832 gold pieces.
You spent 1500 gold pieces at shops.

Inventory:

Hand Weapons
 b - a +0 fustibalus
Missiles
 m - 271 sling bullets
 F - 3 throwing nets (quivered)
Armour
 z - a +0 troll leather armour
 D - a +2 pair of gloves (worn)
 E - a +2 hat (worn)
 I - a +0 shield of protection (worn)
 T - +0 acid dragon scales
 U - a +2 cloak of magic resistance (worn)
 X - a +2 ring mail of fire resistance
 Z - a +2 ring mail of poison resistance (worn)
Magical Staves
 a - an uncursed staff of air (weapon)
Jewellery
 f - the ring of the Garden (left hand) {Wiz MR- MP+9 Slay+3}
   (You bought it in a shop on level 2 of the Orcish Mines)

   [ring of wizardry]

   It improves your spell success rate.
   It affects your accuracy and damage with ranged weapons and melee attacks
   (+3).
   It affects your resistance to hostile enchantments.
   It affects your magic capacity (+9).
 q - an uncursed ring of positive energy
 w - an uncursed ring of fire
 L - a +3 ring of protection (right hand)
 M - a +5 amulet of reflection (around neck)
 R - an uncursed ring of ice
 S - an uncursed ring of wizardry
Wands
 d - a wand of polymorph (32)
 e - a wand of disintegration (71)
 t - a wand of paralysis (20)
 C - a wand of flame (77)
 G - a wand of iceblast (14)
 J - a wand of enslavement (21)
 V - a wand of digging (7)
Scrolls
 g - 14 scrolls of remove curse
 i - 2 scrolls of identify
 k - 5 scrolls of magic mapping
 l - 5 scrolls of blinking
 n - a scroll of silence
 p - 6 scrolls of enchant weapon
 r - 16 scrolls of teleportation
 y - 3 scrolls of fear
 B - 5 scrolls of immolation
Potions
 h - a potion of ambrosia
 o - 8 potions of curing
 s - 3 potions of magic
 u - 7 potions of heal wounds
 x - 3 potions of invisibility
 A - 8 potions of brilliance
 K - a potion of cancellation
 N - a potion of agility
 P - 2 potions of might
 W - a potion of resistance
 Y - 3 potions of haste
Miscellaneous
 j - 2 boxes of beasts
 O - a lightning rod (4/4)
 Q - a lamp of fire
Comestibles
 c - 31 rations


   Skills:
 + Level 12.2 Fighting
 - Level 8.0 Slings
 + Level 9.4 Armour
 + Level 9.5 Dodging
 - Level 2.0 Stealth
 - Level 15.0 Shields
 - Level 12.0 Spellcasting
 - Level 12.0 Conjurations
 - Level 3.0 Hexes
 - Level 3.1 Translocations
 - Level 3.0 Fire Magic
 - Level 12.0 Air Magic
 - Level 3.0 Poison Magic
 + Level 6.6 Invocations
 + Level 6.6 Evocations


You had 9 spell levels left.
You knew the following spells:

 Your Spells              Type           Power        Failure   Level  Hunger
a - Shock                 Conj/Air       ####         1%          1    None
b - Static Discharge      Conj/Air       #######.     1%          3    None
c - Conjure Flame         Conj/Fire      #####...     1%          3    None
d - Mephitic Cloud        Conj/Pois/Air  ######..     1%          3    None
e - Airstrike             Air            #######...   1%          4    None
f - Swiftness             Chrm/Air       ######..     1%          2    None
h - Apportation           Tloc           ####..       1%          1    None
i - Inner Flame           Hex/Fire       ####....     3%          3    None
k - Blink                 Tloc           N/A          1%          2    None
p - Poisonous Vapours     Pois/Air       ######       1%          2    None
t - Tukima's Dance        Hex            ####....     3%          3    None
u - Lightning Bolt        Conj/Air       #######...   1%          5    ####...


Dungeon Overview and Level Annotations

Branches:
Dungeon (15/15)            Temple (1/1) D:5            Lair (6/6) D:9
 Shoals (4/4) Lair:2       Spider (3/4) Lair:2        Slime (0/5) Lair:5
    Orc (2/2) D:11            Elf (0/3) Orc:2        Vaults (0/5) D:14
 Depths (0/5) D:15

Altars:
Ashenzari
Cheibriados
Dithmenos
Elyvilon
Fedhas
Gozag
Hepliaklqana
Kikubaaqudgha
Makhleb
Nemelex Xobeh
Okawaru
Qazlal
Ru
Sif Muna
Trog
Uskayaw
Vehumet
Wu Jian
Xom
Yredelemnul
Zin
The Shining One
Beogh
Jiyva

Shops:
D:7 %   D:10 =   D:15 }   Orc:2 (*=!   Shoals:4 ?

Annotations:
D:7 Dowan, Duvessa
Spider:3 Arachne, Nikola


Innate Abilities, Weirdness & Mutations

You have a beak for a mouth.
You have claws for feet.
You can fly continuously.


Message History

The harpy looks frightened!
The harpy resists with some effort.
You hear a bellow! x2
Cornered, the harpy turns to fight!
The water nymph is engulfed in freezing vapours.
The water nymph gestures at you while chanting.
The water rises up and strikes you!
* * * LOW HITPOINT WARNING * * *
A water elemental comes into view.
Unknown command.
You feel much better.
You hear a shout!
Something shouts, "Attack, my pets!
Attack!"
The harpy claws you!
* * * LOW HITPOINT WARNING * * *
You block the harpy's attack. x2; The harpy closely misses you.
The harpy barely misses you. x2
The water nymph is engulfed in freezing vapours.
The water nymph casts a spell at you. The water rises up and strikes you!
You die...

...........#
.......E...## .
≈≈≈.....)..P#.c
≈≈≈≈≈≈≈....P.).
≈≈≈≈≈≈≈≈...PPP.
≈≈≈≈≈§§≈.m...P#
≈≈≈≈.m§§§§H....
.....§.@≈≈m.m..
.......H§§....(
........§§.....
..........[....
.......c.......
.∩.............
....≈..........
...............


You could see a merfolk javelineer, 2 fauns, a water elemental, a merfolk siren,
2 water nymphs and 2 harpies.

Vanquished Creatures
  Gastronok (Lair:3)
  Kirke (D:13)
  Louise (D:15)
  An orc warlord (Orc:1)
  A ghost moth (Lair:2)
  An emperor scorpion (Spider:2)
  2 entropy weavers (Lair:6)
  Azrael (Orc:2)
  A minotaur (Lab)
  A spark wasp (Spider:3)
  2 merfolk impalers
  A merfolk javelineer (Shoals:1)
  Harold (Lair:2)
  8 vault guards
  Erolcha (Orc:2)
  5 hydras
  2 centaur warriors (D:14)
  4 merfolk avatars
  6 two-headed ogres
  A satyr (Shoals:3)
  A queen ant (Lair:6)
  12 death yaks
  Urug (D:10)
  4 orc high priests (Orc:2)
  2 unseen horrors
  8 sea snakes
  A wizard (D:14)
  Pikel (D:8)
  20 harpies
  4 orc knights
  17 wolf spiders
  6 ugly things
  9 fauns
  12 orb spiders
  A wolf spider zombie (D:15)
  An oklob plant (Lair:4)
  3 orc sorcerers (Orc:2)
  A deep elf mage (D:14)
  2 cyclopes
  A moth of wrath (Spider:2)
  11 manticores
  2 centaur zombies
  6 water nymphs
  2 torpor snails (Lair:3)
  Maurice (D:13)
  3 black mambas
  8 merfolk sirens
  A molten gargoyle (D:14)
  10 elephants
  13 spiny frogs
  A kobold demonologist (D:13)
  9 rime drakes
  11 komodo dragons
  10 demonic crawlers
  A queen bee (Spider:1)
  13 jumping spiders
  29 merfolk
  3 meliai (Lair:2)
  4 polar bears
  3 trolls
  Prince Ribbit (D:8)
  4 wind drakes
  5 hornets
  A raiju (shapeshifter) (D:14)
  9 snapping turtles
  12 dream sheep
  3 blink frogs (Lair:6)
  12 hippogriffs
  A meliai zombie (D:12)
  A shadow (D:14)
  53 redbacks
  18 tarantellas
  A water elemental (Shoals:4)
  A spriggan (Lair:2)
  A vampire (D:14)
  4 hogs (D:13)
  38 yaks
  6 fire elementals
  4 wyverns
  A human (D:13)
  2 basilisks
  2 hungry ghosts
  2 vampire mosquitoes (D:15)
  2 wargs (Orc:2)
  7 soldier ants
  2 acid dragons
  17 water moccasins
  9 porcupines
  A hell hound (Orc:2)
  4 slaves (D:8)
  43 orc warriors
  A black bear (Lair:2)
  An eye of draining (D:8)
  4 sky beasts
  17 ogres
  4 ice beasts
  A phantom (D:4)
  A necrophage (D:11)
  3 wolves (Lair:2)
  12 centaurs
  15 crocodiles
  2 big kobolds (D:13)
  2 elf zombies (Ossuary)
  27 bullfrogs
  A wyvern zombie (D:10)
  3 gnoll sergeants (D:6)
  4 scorpions
  26 killer bees
  14 wights
  5 howler monkeys
  4 electric eels
  6 crimson imps
  2 bullfrog zombies
  A quasit (D:12)
  A human zombie (Ossuary)
  7 hounds
  35 orc priests
  27 orc wizards
  2 gnoll shamans (D:6)
  6 jellies
  3 centaur skeletons
  Natasha (thrice) (D:3)
  Terence (D:3)
  6 iguanas
  16 worker ants
  A hound skeleton (D:9)
  5 mummies
  A howler monkey zombie (D:7)
  A worker ant zombie (D:9)
  A howler monkey skeleton (D:8)
  12 gnolls (D:6)
  10 adders
  A shadow imp (D:6)
  An ooze (D:3)
  An adder skeleton (D:9)
  4 worms
  2 dart slugs
  2 leopard geckos
  121 orcs
  3 ball pythons (D:2)
  6 giant cockroaches
  7 goblins
  4 hobgoblins
  13 jackals
  5 quokkas
  8 bats
  4 frilled lizards
  2 goblin zombies (Ossuary)
  3 hobgoblin zombies (Ossuary)
  A jackal zombie (Ossuary)
  11 kobolds
  2 leopard gecko skeletons
  3 orc zombies (Ossuary)
  7 rats
  2 fungi (Lair:4)
  A plant (Lair:6)
1065 creatures vanquished.

Vanquished Creatures (collateral kills)
  Erica (D:10)
1 creature vanquished.

Vanquished Creatures (others)
  An orc warlord (Orc:2)
  A merfolk javelineer (Shoals:3)
  A yaktaur captain (D:15)
  A centaur warrior (D:15)
  Nergalle (D:12)
  2 cyclopes
  A yaktaur (D:15)
  2 merfolk
  A hornet (D:12)
  A human (D:13)
  An ice beast (D:12)
  2 centaurs
  A killer bee (D:12)
  A jelly (D:8)
  A bullfrog skeleton (D:13)
  A kobold (D:13)
  3 bushes (Lair:2)
  12 fungi
  24 plants
58 creatures vanquished.

Grand Total: 1124 creatures vanquished

Notes
Turn   | Place    | Note
-------+----------+-------------------------------------------
     0 | D:1      | tedric the Tengu Air Elementalist began the quest for the Orb.
     0 | D:1      | Reached XP level 1. HP: 10/10 MP: 4/4
   219 | D:1      | Reached XP level 2. HP: 15/15 MP: 3/6
  1145 | D:2      | Found an opulent altar of Gozag.
  1269 | D:2      | Reached XP level 3. HP: 19/19 MP: 4/7
  1274 | D:2      | Learned a level 3 spell: Static Discharge
  1459 | D:2      | Reached skill level 5 in Air Magic
  1518 | D:2      | Found a sacrificial altar of Ru.
  1736 | D:2      | Reached XP level 4. HP: 24/24 MP: 3/8
  2293 | D:3      | Noticed Natasha
  2608 | D:3      | Gained mutation: You can fly. [Tengu growth]
  2608 | D:3      | Reached XP level 5. HP: 28/28 MP: 9/9
  2614 | D:3      | Learned a level 4 spell: Airstrike
  2615 | D:3      | Noticed Terence
  2621 | D:3      | Killed Terence
  2882 | D:3      | Killed Natasha
  2882 | D:3      | Reached skill level 5 in Conjurations
  2907 | D:4      | Noticed an ogre
  2924 | D:3      | Noticed Natasha
  3103 | D:4      | Reached XP level 6. HP: 32/32 MP: 10/10
  3197 | D:3      | Killed Natasha
  3270 | D:4      | Reached skill level 1 in Fighting
  3377 | D:3      | Noticed Natasha
  3377 | D:3      | Killed Natasha
  3673 | D:4      | Reached XP level 7. HP: 40/40 MP: 13/13
  3680 | D:4      | Learned a level 2 spell: Swiftness
  4601 | D:5      | Entered Level 5 of the Dungeon
  4656 | D:5      | Reached XP level 8. HP: 10/48 MP: 15/15
  4881 | D:5      | Found a staircase to the Ecumenical Temple.
  4887 | Temple   | Entered the Ecumenical Temple
  5151 | D:5      | Reached skill level 5 in Fighting
  5487 | D:5      | Learned a level 5 spell: Lightning Bolt
  5539 | D:4      | Found a shimmering altar of Xom.
  6004 | D:6      | Found a sand-covered staircase.
  6011 | Ossuary  | Entered an ossuary
  6606 | D:6      | Found a blossoming altar of Fedhas.
  6607 | D:6      | Found a stormy altar of Qazlal.
  6620 | D:6      | Became a worshipper of Qazlal Stormbringer
  6734 | D:6      | Reached skill level 5 in Dodging
  6734 | D:6      | Reached XP level 9. HP: 55/55 MP: 16/16
  6981 | D:6      | Found a basalt altar of Yredelemnul.
  6986 | D:6      | Found an ornate altar of the Wu Jian Council.
  6997 | D:6      | Found a deep blue altar of Sif Muna.
  7008 | D:6      | Found a shattered altar of Ashenzari.
  7022 | D:6      | Found a hide-covered altar of Uskayaw.
  7029 | D:6      | Found a glowing silver altar of Zin.
  7036 | D:6      | Found a snail-covered altar of Cheibriados.
  7613 | D:6      | Reached * piety under Qazlal
  7935 | D:7      | Found Aceqiaje's Food Boutique.
  7963 | D:7      | Noticed Dowan
  8135 | D:7      | Found an iron altar of Okawaru.
  8140 | D:7      | Noticed Duvessa
  8884 | D:8      | Reached skill level 1 in Shields
  8935 | D:8      | Reached skill level 2 in Shields
  9035 | D:8      | Noticed Prince Ribbit
  9049 | D:8      | Killed Prince Ribbit
  9049 | D:8      | Reached skill level 3 in Shields
  9180 | D:8      | Reached skill level 4 in Shields
  9226 | D:8      | Reached XP level 10. HP: 60/60 MP: 12/17
  9230 | D:8      | Reached skill level 5 in Shields
  9418 | D:8      | Reached skill level 6 in Shields
  9811 | D:8      | Noticed Pikel
  9819 | D:8      | Killed Pikel
 10175 | D:8      | Reached skill level 7 in Shields
 10475 | D:9      | Noticed a two-headed ogre
 10537 | D:9      | Killed a two-headed ogre
 10538 | D:9      | Reached ** piety under Qazlal
 10543 | D:9      | Reached skill level 8 in Shields
 10548 | D:9      | Noticed a two-headed ogre
 10686 | D:9      | Noticed an eight-headed hydra
 10957 | D:9      | Noticed a two-headed ogre
 10980 | D:9      | Killed a two-headed ogre
 10980 | D:9      | Reached skill level 9 in Shields
 10980 | D:9      | Reached XP level 11. HP: 64/64 MP: 18/18
 11067 | D:9      | Found a staircase to the Lair.
 11137 | D:9      | Killed an eight-headed hydra
 11645 | D:10     | Entered Level 10 of the Dungeon
 11653 | D:10     | Found Orreroin's Jewellery Boutique.
 11987 | D:10     | Noticed Erica
 11995 | D:10     | Killed Erica
 12134 | D:10     | Noticed Urug
 12173 | D:10     | Killed Urug
 12274 | D:11     | Reached skill level 5 in Spellcasting
 12310 | D:11     | Reached skill level 10 in Air Magic
 12571 | D:11     | Reached skill level 10 in Conjurations
 12606 | D:11     | Noticed a white ugly thing
 12821 | D:10     | Killed an unseen horror
 13119 | D:11     | Killed an unseen horror
 13273 | D:11     | Reached skill level 10 in Shields
 13399 | D:11     | Reached *** piety under Qazlal
 13454 | D:11     | Killed a white ugly thing
 13639 | D:11     | Noticed a purple ugly thing
 13646 | D:11     | Killed a purple ugly thing
 13646 | D:11     | Reached XP level 12. HP: 70/70 MP: 22/22
 13805 | D:11     | Found a staircase to the Orcish Mines.
 13919 | D:11     | Learned a level 3 spell: Mephitic Cloud
 13923 | D:11     | Learned a level 3 spell: Conjure Flame
 13926 | D:11     | Learned a level 2 spell: Blink
 14321 | D:12     | Noticed Nergalle
 14537 | D:12     | Reached **** piety under Qazlal
 14695 | D:12     | Killed a two-headed ogre
 14824 | D:12     | Killed Nergalle
 15540 | D:13     | Identified Sif Muna's Compendium of Igneous Bewitchment
 15824 | D:13     | Noticed Kirke
 15841 | D:13     | Killed Kirke
 15977 | D:13     | Noticed Maurice
 15985 | D:13     | Killed Maurice
 15985 | D:13     | Reached skill level 11 in Shields
 16230 | D:13     | Noticed a four-headed hydra
 16237 | D:13     | Killed a four-headed hydra
 16783 | D:14     | Noticed a vault guard
 16786 | D:14     | Noticed a vault guard
 16788 | D:14     | Noticed a vault guard
 16790 | D:14     | Noticed a vault guard
 16814 | D:13     | Killed a vault guard
 16958 | Orc:1    | Entered Level 1 of the Orcish Mines
 17089 | Orc:1    | Noticed an orc warlord
 17171 | Lair:1   | Entered Level 1 of the Lair of Beasts
 17190 | D:9      | Reached XP level 13. HP: 68/74 MP: 26/26
 17260 | Lair:1   | Reached ***** piety under Qazlal
 17538 | Lair:1   | Reached skill level 12 in Shields
 17973 | Lair:2   | Found a hole to the Spider Nest.
 17992 | Lair:2   | Found a labyrinth entrance.
 18010 | Lair:2   | Noticed Harold
 18013 | Lab      | Entered a labyrinth
 18226 | Lab      | Noticed a minotaur
 18232 | Lab      | Killed a minotaur
 18240 | Lab      | Identified Raqeig's Tome of the Traveller
 18244 | Lab      | Learned a level 1 spell: Apportation
 18248 | Lab      | Learned a level 3 spell: Inner Flame
 18253 | Lab      | Identified Xithe's Catalogue of the Oath
 18254 | Lab      | Found the +7 Spriggan's Knife {MR+ EV+4 Dex+4 Stlth+}
 18287 | Lab      | Learned a level 2 spell: Poisonous Vapours
 18322 | Lair:2   | Killed Harold
 18322 | Lair:2   | Reached skill level 1 in Translocations
 18322 | Lair:2   | Reached skill level 1 in Fire Magic
 18322 | Lair:2   | Reached skill level 1 in Poison Magic
 18897 | Lair:2   | Reached skill level 5 in Slings
 19034 | Lair:2   | Found a staircase to the Shoals.
 19731 | Lair:3   | Gained mutation: You can fly continuously. [Tengu growth]
 19731 | Lair:3   | Reached XP level 14. HP: 63/80 MP: 17/28
 19734 | Lair:3   | Reached skill level 1 in Armour
 19755 | Lair:2   | Reached skill level 1 in Hexes
 20044 | Lair:3   | Noticed Gastronok
 20091 | Lair:3   | Killed Gastronok
 20454 | Lair:3   | Identified a scroll of acquirement
 21733 | Lair:5   | Reached ****** piety under Qazlal
 22416 | Lair:5   | Found a viscous altar of Jiyva.
 22689 | Lair:5   | Found a staircase to the Slime Pits.
 22822 | Lair:6   | Entered Level 6 of the Lair of Beasts
 23152 | Lair:6   | Reached skill level 5 in Armour
 23843 | Lair:6   | Noticed an entropy weaver
 24228 | Lair:6   | Reached XP level 15. HP: 49/89 MP: 14/29
 24829 | Lair:6   | Reached skill level 1 in Evocations
 26193 | Orc:1    | Killed an orc warlord
 26577 | Orc:2    | Entered Level 2 of the Orcish Mines
 26581 | Orc:2    | Noticed Erolcha
 26775 | D:14     | Reached skill level 1 in Invocations
 27256 | D:14     | Reached skill level 5 in Evocations
 27757 | D:14     | Found a gate to the Vaults.
 28436 | D:15     | Entered Level 15 of the Dungeon
 28747 | D:15     | Found a staircase to the Depths.
 28887 | D:15     | Learned a level 3 spell: Tukima's Dance
 28967 | D:15     | Found Mygenk's Gadget Shop.
 28975 | D:15     | Bought a wand of digging (8) for 360 gold pieces
 29037 | D:15     | Noticed Louise
 29052 | D:15     | Killed Louise
 29052 | D:15     | Reached skill level 5 in Invocations
 30183 | Orc:2    | Killed Erolcha
 30482 | Orc:2    | Reached XP level 16. HP: 96/96 MP: 30/30
 30702 | Orc:2    | Found a roughly hewn altar of Beogh.
 30712 | Orc:2    | Found Qaank's Weapon Emporium.
 30733 | Orc:2    | Found Moegen's General Store.
 31287 | Orc:2    | Noticed Azrael
 31296 | Orc:2    | Killed Azrael
 32048 | Orc:2    | Found a roughly hewn altar of Beogh.
 32337 | Orc:2    | Found Tawk's Distillery.
 32433 | Orc:2    | Found Masumy's Jewellery Boutique.
 33341 | Orc:2    | Found a staircase to the Elven Halls.
 33681 | Orc:2    | Bought the ring of the Garden {Wiz MR- MP+9 Slay+3} for 900 gold pieces
 33743 | Orc:2    | Bought a scroll of silence for 120 gold pieces
 33743 | Orc:2    | Bought a scroll of enchant weapon for 120 gold pieces
 33968 | Shoals:1 | Entered Level 1 of the Shoals
 33983 | Shoals:1 | Reached skill level 10 in Spellcasting
 34009 | Shoals:1 | Reached skill level 10 in Fighting
 35565 | Shoals:2 | Reached skill level 13 in Shields
 37810 | Shoals:3 | Reached XP level 17. HP: 99/104 MP: 33/33
 38917 | Shoals:4 | Entered Level 4 of the Shoals
 39042 | Shoals:4 | Found Xied's Magic Scroll Emporium.
 39163 | Spider:1 | Entered Level 1 of the Spider Nest
 39700 | Lair:2   | Reached skill level 14 in Shields
 42758 | Spider:2 | Reached skill level 15 in Shields
 43971 | Spider:3 | Reached XP level 18. HP: 112/112 MP: 35/35
 43972 | Spider:3 | Noticed Nikola
 44197 | Spider:3 | Noticed Arachne
 44465 | Shoals:4 | HP: 1/112 [water nymph/the raging water (35)]
 44466 | Shoals:4 | Killed from afar by a water nymph

Vault maps used:
D:1:      onia_arrival_pyramid
D:2:      lemuel_crystal_altar, first_ration, nicolae_gozag_seed_capital
D:3:      uniq_natasha, uniq_terence
D:4:      lemuel_upstairs_altar, serial_co_window_serial,
          co_window_of_opportunity_a, co_window_of_opportunity_a,
          co_window_corner_a, co_window_paths_a, co_window_cross_1,
          co_window_of_opportunity_c, co_window_broadway_c, co_window_corner_cb,
          co_window_corner_b, co_window_4corner_a
D:5:      minmay_temple_entry_fiery
D:6:      cheibrodos_helix_gallery, grunt_temple_overflow_octagram,
          grunt_temple_overflow_forces_of_nature, gup_ossuary_entry_pyramid,
          serial_gnoll_camp, gnoll_camp_mini_loothouse, gnoll_camp_mini_house,
          gnoll_camp_mini_hut, gnoll_camp_medium_02
D:7:      lemuel_castle_with_subvaults, basic_altar, serial_shops,
          kennysheep_mini, uniq_duvessa
D:8:      hangedman_pestilent_swarm, uniq_prince_ribbit1, uniq_pikel
D:9:      lair_entry_dummy, serial_aquarium, aquarium_bridge_long_joined,
          aquarium_bridge_square, aquarium_window_3, aquarium_window_corner,
          aquarium_window_fake, aquarium_view_2d, aquarium_view_2c,
          aquarium_balcony_1a
D:10:     serial_shops, nicolae_shop_waterfront, uniq_erica, uniq_urug
D:11:     hiddenorc2_lemuel, corexii_corridor_pit
D:12:     lemuel_flamethrower_3, uniq_nergalle
D:13:     uniq_maurice, uniq_kirke
D:14:     erik_vaults_2, kennysheep_pointless_box, evilmike_butchery
D:15:     grunt_enter_depths_snipers, serial_shops, shop, uniq_louise
Temple:   hc_temple_tempest_star
Lair:2:   elwin_shoals_entry_stream, spider_nest_entry_a, lab_entry_generic,
          grunt_forest_stairs_clearing, uniq_harold
Lair:3:   serial_bayou_shore_b, serial_bayou_shore_a, uniq_gastronok
Lair:4:   nicolae_quartered_pool_little, st_stairs_6, lookout_lair_type,
          eino_small_chamber_without_monster, serial_bayou_crossing
Lair:5:   slime_altar_1, serial_bayou_pond_b, grunt_megastairs_5
Lair:6:   gammafunk_lair_ancient_temple, wad_woods_antlair, serial_bayou_shore_b
Shoals:1: nicolae_shoals_flooded_hall
Shoals:4: shoals_end_grunt_garden, shoal_ilsuiw, serial_shops, shop,
          uniq_polyphemus
Spider:1: special_room
Spider:2: special_room
Spider:3: portal_ice_cave_entry_pillars_four, uniq_nikola, uniq_arachne
Orc:2:    pubby_orc_utopia, serial_shops, uniq_erolcha, uniq_azrael
Lab:      nicolae_lab_dead_adventurers
Ossuary:  ossuary_minmay_tomb_2a

Skill      XL: |  1  2  3  4  5  6  7  8  9 10 11 12 13 14 15 16 17 |
---------------+----------------------------------------------------+-----
Conjurations   | 2 3 4 6 7 9 10 12 | 12.0
Air Magic      | 5 6 7 9 10 12 | 12.0
Fighting       | 2 4 6 8 9 11 12 | 12.2
Spellcasting   | 3 4 6 8 9 11 12 | 12.0
Dodging        | 5 6 9 |  9.5
Shields        | 4 9 10 11 12 13 15 | 15.0
Slings         | 4 8 |  8.0
Translocations | 3 |  3.1
Fire Magic     | 3 |  3.0
Poison Magic   | 3 |  3.0
Armour         | 6 9 |  9.4
Hexes          | 3 |  3.0
Evocations     | 6 |  6.6
Invocations    | 6 |  6.6
Stealth        | |  2.0

Action                   |  1- 3 |  4- 6 |  7- 9 | 10-12 | 13-15 | 16-18 || total
-------------------------+-------+-------+-------+-------+-------+-------++-------
Melee: Unarmed           |     6 |       |       |       |       |       ||     6
       Kick              |     2 |       |       |     1 |    70 |   122 ||   195
       Hunting sling     |       |       |       |     3 |       |       ||     3
       Staff             |       |       |       |       |   212 |   375 ||   587
       Peck              |       |       |       |       |    46 |    72 ||   118
       Fustibalus        |       |       |       |       |     2 |       ||     2
 Fire: Shortbow          |       |       |    55 |       |       |       ||    55
       Hunting sling     |       |       |   108 |   250 |   107 |       ||   465
       Fustibalus        |       |       |       |       |   209 |   152 ||   361
Throw: Stone             |       |     1 |       |       |       |       ||     1
       Throwing net      |       |       |     3 |     7 |     2 |       ||    12
 Cast: Shock             |    75 |    88 |   167 |   298 |    99 |    52 ||   779
       Static Discharge  |       |     2 |    27 |    40 |   187 |   177 ||   433
       Airstrike         |       |       |    14 |    52 |    86 |   242 ||   394
       Lightning Bolt    |       |       |       |    16 |    66 |    62 ||   144
       Conjure Flame     |       |       |       |    11 |    56 |    21 ||    88
       Mephitic Cloud    |       |       |       |     9 |    19 |    19 ||    47
       Poisonous Vapours |       |       |       |       |    25 |       ||    25
       Apportation       |       |       |       |       |     5 |    24 ||    29
       Inner Flame       |       |       |       |       |       |     1 ||     1
 Abil: Fly               |       |       |       |       |       |     1 ||     1
Evoke: Wand              |       |       |       |     5 |     4 |     1 ||    10
       Box of beasts     |       |       |       |     1 |       |       ||     1
  Use: Scroll            |     4 |     1 |     9 |     9 |    17 |     9 ||    49
       Potion            |       |       |     1 |       |       |     4 ||     5
 Stab: Confused          |       |       |       |       |       |     2 ||     2
  Eat: Chunk             |     4 |     7 |    13 |    28 |    43 |    31 ||   126
       Ration            |       |       |     3 |     3 |     6 |     8 ||    20
Armor: Robe              |     2 |     6 |    42 |    48 |       |       ||    98
       Troll leather arm |       |       |       |     4 |    26 |       ||    30
       Leather armour    |       |       |       |     4 |    23 |       ||    27
       Acid dragon scale |       |       |       |       |     9 |    72 ||    81
       Ring mail         |       |       |       |       |       |   209 ||   209
Dodge: Dodged            |     9 |    15 |    47 |    65 |   122 |   482 ||   740
       Deflected         |       |       |       |       |    10 |    23 ||    33
Block: Other             |     1 |     5 |     5 |       |       |       ||    11
       Reflection        |       |     2 |     3 |    20 |    39 |    90 ||   154
       Shield            |       |       |    53 |   221 |   600 |  1228 ||  2102

Table legend:
 A = Spawn XP
 B = Non-spawn XP
 C = Spawn XP percentage of total XP
 D = Spawn monster count
 E = Non-spawn monster count
 F = Spawn count percentage of total count
 G = Total turns spent on level
                    A         B        C        D         E        F      G
               +---------+---------+-------+---------+---------+-------+---------
         Total |       0 |  248482 |   0.0 |       0 |    1069 |   0.0 | 44466
               +---------+---------+-------+---------+---------+-------+---------
           D:1 |       0 |      26 |   0.0 |       0 |      15 |   0.0 |  1145
           D:2 |       0 |      63 |   0.0 |       0 |      28 |   0.0 |   951
           D:3 |       0 |     227 |   0.0 |       0 |      24 |   0.0 |  1110
           D:4 |       0 |     727 |   0.0 |       0 |      21 |   0.0 |  1409
           D:5 |       0 |     516 |   0.0 |       0 |      14 |   0.0 |   969
           D:6 |       0 |    1209 |   0.0 |       0 |      39 |   0.0 |  1506
           D:7 |       0 |     613 |   0.0 |       0 |      13 |   0.0 |  1063
           D:8 |       0 |    3103 |   0.0 |       0 |      26 |   0.0 |  1668
           D:9 |       0 |    4067 |   0.0 |       0 |      24 |   0.0 |  1189
          D:10 |       0 |    3216 |   0.0 |       0 |      13 |   0.0 |  1236
          D:11 |       0 |    6419 |   0.0 |       0 |      71 |   0.0 |  1908
          D:12 |       0 |    2835 |   0.0 |       0 |      18 |   0.0 |  1178
          D:13 |       0 |    8592 |   0.0 |       0 |      43 |   0.0 |  1428
          D:14 |       0 |   13333 |   0.0 |       0 |      26 |   0.0 |  1759
          D:15 |       0 |    8574 |   0.0 |       0 |      21 |   0.0 |  1107
        Lair:1 |       0 |    5207 |   0.0 |       0 |      21 |   0.0 |  1059
        Lair:2 |       0 |   19487 |   0.0 |       0 |      57 |   0.0 |  3292
        Lair:3 |       0 |   11268 |   0.0 |       0 |      34 |   0.0 |  1039
        Lair:4 |       0 |    4936 |   0.0 |       0 |      20 |   0.0 |   945
        Lair:5 |       0 |    6708 |   0.0 |       0 |      25 |   0.0 |  2537
        Lair:6 |       0 |   25799 |   0.0 |       0 |      73 |   0.0 |  1676
      Shoals:1 |       0 |   14669 |   0.0 |       0 |      28 |   0.0 |  1720
      Shoals:2 |       0 |    9932 |   0.0 |       0 |      24 |   0.0 |  2034
      Shoals:3 |       0 |   26759 |   0.0 |       0 |      54 |   0.0 |  1211
      Shoals:4 |       0 |    3805 |   0.0 |       0 |       7 |   0.0 |    31
      Spider:1 |       0 |   14516 |   0.0 |       0 |      65 |   0.0 |  1814
      Spider:2 |       0 |   20140 |   0.0 |       0 |      54 |   0.0 |  1584
      Spider:3 |       0 |    4467 |   0.0 |       0 |       9 |   0.0 |    72
         Orc:1 |       0 |    4418 |   0.0 |       0 |      37 |   0.0 |   991
         Orc:2 |       0 |   21311 |   0.0 |       0 |     148 |   0.0 |  3814
           Lab |       0 |    1231 |   0.0 |       0 |       1 |   0.0 |   296
       Ossuary |       0 |     309 |   0.0 |       0 |      16 |   0.0 |   520
               +---------+---------+-------+---------+---------+-------+---------
